 Dungeon Crawl Stone Soup version 0.26-a0-491-g70697cc071 (webtiles) character file.

Game seed: 9292824762476935430

154 ANON1729 the Poker (level 5, 0/41 HPs)
             Began as a Merfolk Gladiator on Aug 5, 2020.
             Slain by a river rat (8 damage)
             ... on level 3 of the Dungeon.
             The game lasted 00:03:41 (2821 turns).

ANON1729 the Poker (Merfolk Gladiator)              Turns: 2821, Time: 00:03:42

Health: 0/41       AC:  4    Str: 16    XL:     5   Next: 36%
Magic:  5/5        EV: 14    Int:  7    God:
Gold:   135        SH:  0    Dex: 15    Spells: 4/4 levels left

rFire    . . .     SeeInvis .   a - +0 trident
rCold    . . .     Faith    .   (no shield)
rNeg     . . .     Spirit   .   b - +0 leather armour
rPois    .         Reflect  .   c - +0 helmet
rElec    .         Harm     .   (no cloak)
rCorr    .                      (no gloves)
MR       .....                  (no boots)
Stlth    +.........             (no amulet)
HPRegen  0.13/turn              (no ring)
MPRegen  0.09/turn              (no ring)

@: no status effects
A: change form in water, swift swim, stealthy swim
a: no special abilities


You were on level 3 of the Dungeon.
You visited 1 branch of the dungeon, and saw 3 of its levels.

You collected 135 gold pieces.

Inventory:

Hand Weapons
 a - a +0 trident (weapon)
Missiles
 d - 3 throwing nets (quivered)
 l - 5 silver boomerangs
Armour
 b - a +0 leather armour (worn)
 c - a +0 helmet (worn)
Scrolls
 e - 2 scrolls of fog {unknown}
 f - 4 scrolls of teleportation {unknown}
 g - 7 scrolls of remove curse {unknown}
 h - a scroll of enchant armour {unknown}
 i - 2 scrolls of identify {unknown}
 k - a scroll of amnesia {unknown}
 n - a scroll of enchant weapon {unknown}
Potions
 j - a potion of brilliance {unknown}
 m - 2 potions of curing
 o - a potion of flight {unknown}


   Skills:
 + Level 3.4 Fighting
 + Level 5.7 Polearms
 + Level 3.1 Throwing
 + Level 5.1 Dodging


You had 4 spell levels left.
You didn't know any spells.
Your spell library was empty.

Dungeon Overview and Level Annotations

Branches:
Dungeon (3/15)

Altars:
Qazlal
Sif Muna
The Shining One

Annotations:
D:2 Sigmund


Message History

You are too injured to fight recklessly!
You hit the rat.
You kill the rat!
You completely miss the rat. The rat misses you.
You puncture the rat!
You kill the rat!
You closely miss the river rat.
The river rat is severely wounded.
The river rat barely misses you.
You closely miss the river rat.
The river rat is severely wounded.
The river rat bites you.
You hit the river rat.
The river rat is severely wounded.
The river rat bites you!
* * * LOW HITPOINT WARNING * * *
You hit the river rat but do no damage.
The river rat is severely wounded.
The river rat bites you!
You die...

#≈≈≈.## #+##≈≈...#
≈≈≈≈≈≈...# ≈.≈≈≈....#
≈≈≈......# ........w#
###.####w# #r#
########
#@#########.......
#........(....(...
#####.#####.......
#....##.......
###########.##.......
..........#.##.......
#######.....#.....###
#.............#####
#.########..#.#######


You could see 2 worms and a river rat.

Vanquished Creatures
  5 adders
  3 gnolls
  A river rat (D:3)
  An ooze (D:2)
  A worm (D:3)
  5 dart slugs
  A leopard gecko (D:2)
  10 bats
  3 giant cockroaches
  6 goblins
  4 hobgoblins
  4 jackals (D:2)
  5 kobolds
  3 frilled lizards
  7 rats
59 creatures vanquished.

Notes
Turn   | Place    | Note
-------+----------+-------------------------------------------
     0 | D:1      | ANON1729 the Merfolk Gladiator began the quest for the Orb.
     0 | D:1      | Reached XP level 1. HP: 16/16 MP: 1/1
   124 | D:1      | Reached XP level 2. HP: 20/23 MP: 2/2
   582 | D:1      | Reached XP level 3. HP: 24/28 MP: 3/3
   838 | D:2      | Reached skill level 5 in Polearms
   838 | D:2      | HP: 1/28 [poisoned by an adder]
  1200 | D:2      | Found a glowing golden altar of the Shining One.
  1200 | D:2      | Found a stormy altar of Qazlal.
  1212 | D:2      | Reached XP level 4. HP: 27/34 MP: 4/4
  1715 | D:2      | Reached skill level 5 in Dodging
  1909 | D:2      | Noticed Sigmund
  2198 | D:2      | Reached XP level 5. HP: 41/41 MP: 5/5
  2753 | D:3      | Found a shimmering blue altar of Sif Muna.
  2821 | D:3      | Slain by a river rat

Illustrated notes

Levels and vault maps discovered:
D:1:      minmay_arrival_checkered_box, layout_basic
D:2:      layout_loops_ring, grunt_temple_overflow_open, minmay_lizard_pond,
          uniq_sigmund
D:3:      layout_basic, ashenzari_altar_1, lemuel_crystal_altar,
          portal_sewer_entry_e, led_sif_pool

Skill      XL: |  1  2  3  4 |
---------------+-------------+-----
Polearms       | 5 |  5.7
Fighting       | 3 |  3.4
Dodging        | 5 |  5.1
Throwing       | 3 |  3.1

Action                   |  1- 3 |  4- 6 || total
-------------------------+-------+-------++-------
Melee: Trident           |   129 |   115 ||   244
  Use: Potion            |     1 |       ||     1
 Stab: Sleeping          |     1 |     2 ||     3
Armor: Leather armour    |    30 |    30 ||    60
Dodge: Dodged            |    92 |   111 ||   203

Table legend: (Time is in decaauts)
 A = Elapsed time spent in this place.
 B = Non-inter-level travel time spent in this place.
 C = Inter-level travel time spent in this place.
 D = Time resting spent in this place.
 E = Time spent auto-exploring this place.
 F = Levels seen in this place.
 G = Mean time per level.
                   A        B        C        D        E       F      G
               +--------+--------+--------+--------+--------+-----+--------+
         Total |   2832 |   2761 |     71 |    906 |   1367 |   3 |  944.0 |
       Dungeon |   2832 |   2761 |     71 |    906 |   1367 |   3 |  944.0 |
               +--------+--------+--------+--------+--------+-----+--------+

Top non-repeatable levels by time:
     D:1: 1274 daAuts
     D:2: 1010 daAuts
     D:3: 547 daAuts
